 Dungeon Crawl Stone Soup version 0.31-a0-167-g1c394c0614 (webtiles) character file.

Game seed: 6387200818742400712

423 qw the Shooter (level 6, -2/56 HPs)
             Began as a Naga Hunter on June 14, 2023.
             Slain by a goblin
             ... wielding a +0 club
             ... led by Robin
              (6 damage)
             ... on level 4 of the Dungeon.
             The game lasted 00:01:10 (2917 turns).

qw the Shooter (Naga Hunter)                        Turns: 2917, Time: 00:01:11

Health: -2/56      AC: 11    Str: 17    XL:     6   Next: 95%
Magic:  6/6        EV:  7    Int: 12    God:
Gold:   165        SH:  0    Dex: 14    Spells: 5/5 levels left

rFire   . . .        Y - +0 shortbow
rCold   . . .        (shield currently unavailable)
rNeg    . . .        c - +0 leather armour
rPois   +            m - +0 helmet
rElec   .            e - +0 cloak
rCorr   .            i - +0 pair of gloves
SInv    +            b - +0 barding
Will    .....        (no amulet)
Stlth   ++           (no ring)
HPRegen 0.29/turn    (no ring)
MPRegen 0.10/turn

%: no passive effects
@: about to teleport, short of breath, very slow
A: AC +2, large, see invisible, deformed body, poison resistance, slowness 2,
spit poison 1, naga tail 1, clever 1, strong 1
a: Spit Poison


You were on level 4 of the Dungeon.
You visited 1 branch of the dungeon, and saw 4 of its levels.

You collected 165 gold pieces.


Innate Abilities, Weirdness & Mutations

Your serpentine skin is tough. (AC +2)
You have supernaturally acute eyesight. (SInv)
Armour fits poorly on your strangely shaped body.
Your system is resistant to poisons. (rPois)
You cover ground very slowly.
You can spit poison.
You have a snake-like lower body.
Your mind is acute. (Int +4, Str/Dex -1)
Your muscles are strong. (Str +4, Int/Dex -1)


   Skills:
 + Level 3.6 Fighting
 - Level 6.3 Ranged Weapons
 - Level 1.9 Armour
 - Level 1.5 Dodging
 - Level 1.5 Stealth


You had 5 spell levels left.
You didn't know any spells.
Your spell library was empty.

Inventory:

Hand Weapons
 Y - a +0 shortbow (weapon)
Armour
 b - a +0 barding (worn)
 c - a +0 leather armour (worn)
 e - a +0 cloak (worn)
 i - a +0 pair of gloves (worn)
 m - a +0 helmet (worn)
Jewellery
 r - a ring of protection from fire
Scrolls
 h - a scroll of immolation {unknown}
 o - 2 scrolls of identify
 p - a scroll of revelation {unknown}
 q - 2 scrolls of teleportation
 s - a scroll of enchant weapon {unknown}
Potions
 a - a potion of haste {unknown}
 d - a potion of heal wounds {unknown}
 f - a potion of enlightenment {unknown}
 g - a potion of magic {unknown}
 j - a potion of lignification {unknown}
 k - a potion of degeneration {unknown}
 l - a potion of berserk rage {unknown}
 n - a potion of resistance {unknown}

Dungeon Overview and Level Annotations

Branches:
Dungeon (4/15)
 Temple: D:4-7

Altars:
Trog

Annotations:
D:3 2 runed translucent doors, qw's ghost, amateur NaHu
D:4 Robin


Message History

Robin is heavily wounded.
The goblin closely misses you.
The hobgoblin hits you but does no damage.
The goblin hits you but does no damage. x2; Robin hits you with a +0 whip.
You shoot an arrow. The arrow barely misses Robin.
The goblin hits you but does no damage. The hobgoblin hits you.
The goblin hits you but does no damage. The goblin barely misses you.
Robin hits you with a +0 whip.
You shoot an arrow. The arrow hits Robin.
Robin is severely wounded.
You have got your breath back.
The hobgoblin no longer looks unusually strong.
The goblin hits you with a +0 club. The hobgoblin hits you.
The goblin hits you but does no damage. The goblin hits you with a +0 club.
Robin roars a battlecry!
The goblins go into a battle-frenzy!
2914 ||| INVOKING Spit Poison.
Aiming: Spit Poison (1% risk of failure)
Press: ? - help, Shift-Dir - straight line, f/p - Robin The splash of poison hits Robin but does no damage.
Robin is severely wounded.
The goblin hits you with a +0 club.
The hobgoblin hits you but does no damage.
The goblin hits you with a +0 dagger. The goblin hits you but does no damage.
Robin barely misses you.
2915 ||| READING 3 scrolls of teleportation.
As you read the scroll of teleportation, it crumbles to dust.
You feel strangely unstable. The goblin hits you but does no damage.
The hobgoblin hits you but does no damage.
The goblin hits you but does no damage. The goblin hits you with a +0 club.
Robin hits you but does no damage.
You shoot an arrow. The arrow barely misses Robin.
The goblin hits you with a +0 club. The hobgoblin barely misses you.
The goblin hits you but does no damage. x2; Robin hits you with a +0 whip.
You shoot an arrow.
The arrow hits Robin but does no damage.
Robin is severely wounded.
The goblin hits you with a +0 club.
You die...

.....>...#.# ###
.........#.# ##..
##.........# ######..#
#.......#.#####........
#..#####........##.####
##.#####.####.......###
# #...................
#..##gg.#######.....##
#..g@g## #.###..#
#.....g### #. ##.#
#.##..# .. #.. %.). ###
##. .).## #. .# ## ##
####.


You could see Robin, a hobgoblin (strong) and 3 goblins.

Vanquished Creatures
  2 phantoms (D:4)
  2 hounds (D:4)
  An orc priest (D:3)
  9 adders
  2 dart slugs
  5 orcs
  4 ball pythons
  10 bats
  8 endoplasms
  5 giant cockroaches
  13 goblins
  8 hobgoblins
  6 jackals
  2 quokkas
  5 frilled lizards
  8 kobolds
  5 rats
95 creatures vanquished.

Vanquished Creatures (others)
  A goblin (D:2)
1 creature vanquished.

Grand Total: 96 creatures vanquished

Notes
Turn   | Place    | Note
-------+----------+-------------------------------------------
     0 | D:1      | qw the Naga Hunter began the quest for the Orb.
     0 | D:1      | Reached XP level 1. HP: 19/19 MP: 1/1
     0 | D:1      | 0 ||| qw: Version: 0.2-a-29-g1fa15c8
     0 | D:1      | 0 ||| qw: Game counter: 4937
     0 | D:1      | 0 ||| qw: Always use a shield: true
     0 | D:1      | 0 ||| qw: God list: Okawaru
     0 | D:1      | 0 ||| qw: Allow faded altars: false
     0 | D:1      | 0 ||| qw: Do Orc after D:15 true
     0 | D:1      | 0 ||| qw: Do second Lair branch before Depths: true
     0 | D:1      | 0 ||| qw: Lair rune preference: random
     0 | D:1      | 0 ||| qw: Plans: Normal
     0 | D:1      | 0 ||| PLANNING D:1-11
    80 | D:1      | 80 ||| INVOKING Spit Poison.
   108 | D:1      | 108 ||| INVOKING Spit Poison.
   124 | D:1      | Reached skill level 4 in Ranged Weapons
   124 | D:1      | Reached XP level 2. HP: 23/26 MP: 2/2
   188 | D:1      | 188 ||| INVOKING Spit Poison.
   194 | D:1      | 194 ||| INVOKING Spit Poison.
   227 | D:1      | 227 ||| INVOKING Spit Poison.
   269 | D:1      | 269 ||| INVOKING Spit Poison.
   273 | D:1      | Found a faded altar of an unknown god.
   304 | D:1      | 304 ||| INVOKING Spit Poison.
   309 | D:1      | 309 ||| INVOKING Spit Poison.
   314 | D:1      | 314 ||| INVOKING Spit Poison.
   426 | D:1      | 426 ||| INVOKING Spit Poison.
   427 | D:1      | Reached XP level 3. HP: 32/32 MP: 3/3
   433 | D:1      | 433 ||| INVOKING Spit Poison.
   602 | D:1      | 602 ||| UPGRADING to +0 cloak.
   607 | D:1      | 607 ||| READING scroll labelled ZEH FOOKKUMEU.
   608 | D:1      | 608 ||| READING scroll labelled WACWUIMA UMABB.
   611 | D:1      | 611 ||| DROPPING scroll of butterflies.
   649 | D:2      | 649 ||| INVOKING Spit Poison.
   652 | D:2      | 652 ||| INVOKING Spit Poison.
   653 | D:2      | 653 ||| STAIRDANCE
   655 | D:1      | 655 ||| INVOKING Spit Poison.
   673 | D:2      | 673 ||| INVOKING Spit Poison.
   684 | D:2      | 684 ||| INVOKING Spit Poison.
   690 | D:2      | 690 ||| INVOKING Spit Poison.
   696 | D:2      | 696 ||| INVOKING Spit Poison.
   732 | D:2      | 732 ||| INVOKING Spit Poison.
   750 | D:2      | Found a bloodstained altar of Trog.
   880 | D:2      | 880 ||| INVOKING Spit Poison.
   904 | D:2      | 904 ||| INVOKING Spit Poison.
   905 | D:2      | Reached skill level 5 in Ranged Weapons
   905 | D:2      | Reached XP level 4. HP: 39/39 MP: 4/4
   914 | D:2      | 914 ||| INVOKING Spit Poison.
   930 | D:2      | 930 ||| INVOKING Spit Poison.
   936 | D:2      | 936 ||| INVOKING Spit Poison.
   960 | D:2      | 960 ||| INVOKING Spit Poison.
   965 | D:2      | 965 ||| INVOKING Spit Poison.
   975 | D:2      | 975 ||| INVOKING Spit Poison.
  1005 | D:2      | 1005 ||| INVOKING Spit Poison.
  1251 | D:2      | 1251 ||| UPGRADING to +0 pair of gloves.
  1256 | D:2      | 1256 ||| UPGRADING to +0 helmet.
  1261 | D:2      | 1261 ||| READING scroll labelled YMOISISTUXO.
  1262 | D:2      | 1262 ||| READING scroll labelled PEKHLU ADDEL.
  1263 | D:2      | 1263 ||| READING scroll labelled NOWAGI AR OBB.
  1264 | D:2      | 1264 ||| READING scroll labelled FONGAWK PACKA.
  1265 | D:2      | 1265 ||| DRINKING 2 murky puce potions.
  1265 | D:2      | Gained mutation: Your spells are a little harder to cast,
                  | but a little more powerful. [potion of mutation]
  1265 | D:2      | Gained mutation: You occasionally lose the ability to read
                  | scrolls when taking damage. [potion of mutation]
  1265 | D:2      | Gained mutation: You passively map a small area around you.
                  | [potion of mutation]
  1266 | D:2      | 1266 ||| DRINKING potion of mutation.
  1266 | D:2      | Lost mutation: You occasionally lose the ability to read
                  | scrolls when taking damage. [potion of mutation]
  1266 | D:2      | Lost mutation: You passively map a small area around you.
                  | [potion of mutation]
  1266 | D:2      | Lost mutation: Your spells are a little harder to cast, but
                  | a little more powerful. [potion of mutation]
  1266 | D:2      | Gained mutation: Your muscles are strong. (Str +4, Int/Dex
                  | -1) [potion of mutation]
  1266 | D:2      | Gained mutation: Your mind is acute. (Int +4, Str/Dex -1)
                  | [potion of mutation]
  1303 | D:3      | 1303 ||| INVOKING Spit Poison.
  1333 | D:3      | 1333 ||| INVOKING Spit Poison.
  1334 | D:3      | 1334 ||| INVOKING Spit Poison.
  1391 | D:3      | Found a large runed translucent door.
  1391 | D:3      | Found a large runed translucent door.
  1392 | D:3      | 1392 ||| INVOKING Spit Poison.
  1395 | D:3      | Noticed qw's ghost (amateur NaHu)
  1406 | D:3      | 1406 ||| INVOKING Spit Poison.
  1458 | D:3      | 1458 ||| INVOKING Spit Poison.
  1467 | D:3      | 1467 ||| INVOKING Spit Poison.
  1476 | D:3      | 1476 ||| INVOKING Spit Poison.
  1481 | D:3      | 1481 ||| INVOKING Spit Poison.
  1512 | D:3      | 1512 ||| INVOKING Spit Poison.
  1516 | D:3      | Reached skill level 3 in Fighting
  1550 | D:3      | 1550 ||| INVOKING Spit Poison.
  1554 | D:3      | 1554 ||| INVOKING Spit Poison.
  1558 | D:3      | 1558 ||| INVOKING Spit Poison.
  1564 | D:3      | 1564 ||| INVOKING Spit Poison.
  1566 | D:3      | Reached XP level 5. HP: 49/49 MP: 5/5
  1572 | D:3      | 1572 ||| INVOKING Spit Poison.
  1616 | D:3      | 1616 ||| INVOKING Spit Poison.
  1641 | D:3      | 1641 ||| INVOKING Spit Poison.
  1669 | D:3      | 1669 ||| INVOKING Spit Poison.
  1674 | D:3      | 1674 ||| INVOKING Spit Poison.
  1797 | D:3      | 1797 ||| INVOKING Spit Poison.
  1808 | D:3      | 1808 ||| INVOKING Spit Poison.
  1861 | D:3      | 1861 ||| INVOKING Spit Poison.
  1903 | D:3      | 1903 ||| INVOKING Spit Poison.
  1908 | D:3      | 1908 ||| INVOKING Spit Poison.
  1918 | D:3      | 1918 ||| INVOKING Spit Poison.
  2219 | D:3      | 2219 ||| UPGRADING to +0 barding.
  2268 | D:4      | Noticed a phantom
  2269 | D:4      | 2269 ||| INVOKING Spit Poison.
  2283 | D:4      | Killed a phantom
  2284 | D:4      | Reached skill level 1 in Armour
  2284 | D:4      | Reached XP level 6. HP: 49/56 MP: 6/6
  2349 | D:4      | 2349 ||| INVOKING Spit Poison.
  2355 | D:4      | 2355 ||| INVOKING Spit Poison.
  2358 | D:4      | 2358 ||| INVOKING Spit Poison.
  2364 | D:4      | HP: 14/56 [goblin/+0 club (2)]
  2365 | D:4      | 2365 ||| INVOKING Spit Poison.
  2368 | D:4      | Reached skill level 6 in Ranged Weapons
  2369 | D:4      | 2369 ||| INVOKING Spit Poison.
  2370 | D:4      | HP: 13/56 [jackal (2)]
  2594 | D:4      | 2594 ||| INVOKING Spit Poison.
  2600 | D:4      | 2600 ||| INVOKING Spit Poison.
  2633 | D:4      | 2633 ||| INVOKING Spit Poison.
  2636 | D:4      | 2636 ||| INVOKING Spit Poison.
  2640 | D:4      | 2640 ||| INVOKING Spit Poison.
  2722 | D:4      | 2722 ||| INVOKING Spit Poison.
  2733 | D:4      | 2733 ||| INVOKING Spit Poison.
  2788 | D:4      | Identified the +5 long sword of Feimp {vamp, rC- Str+5}
  2889 | D:4      | 2889 ||| INVOKING Spit Poison.
  2893 | D:4      | Noticed Robin
  2896 | D:4      | 2896 ||| INVOKING Spit Poison.
  2900 | D:4      | 2900 ||| INVOKING Spit Poison.
  2907 | D:4      | 2907 ||| INVOKING Spit Poison.
  2914 | D:4      | 2914 ||| INVOKING Spit Poison.
  2914 | D:4      | HP: 14/56 [goblin/+0 dagger[Robin] (1)]
  2915 | D:4      | 2915 ||| READING 3 scrolls of teleportation.
  2916 | D:4      | HP: 4/56 [Robin/+0 whip (3)]
  2917 | D:4      | Slain by a goblin

Levels and vault maps discovered:
D:1:      psy_arrival_terrarium, layout_basic, shapermc_ecumenical_altar_pompeii
D:2:      layout_basic, basic_altar, st_stairs_10
D:3:      layout_loops_corners, ebering_ghost_disaster_area
D:4:      minmay_thinvault, layout_rooms, serial_shops,
          nicolae_shop_hallway_stairs, minmay_fractal_squares_diagonal_5,
          uniq_robin

Skill      XL: |  1  2  3  4  5  6 |
---------------+-------------------+-----
Ranged Weapons | 4 5 6 |  6.3
Fighting       | 3 |  3.6
Armour         | 1 |  1.9
Dodging        | |  1.5
Stealth        | |  1.5

Action                     |  1- 3 |  4- 6 || total
---------------------------+-------+-------++-------
   Fire: Shortbow          |    63 |   144 ||   207
Ability: Spit Poison       |    21 |    49 ||    70
    Use: Scroll            |     2 |     5 ||     7
         Potion            |       |     2 ||     2
 Armour: Leather armour    |    10 |   121 ||   131
  Dodge: Dodged            |    20 |    91 ||   111

Table legend:
 A = Non-vault XP
 B = Vault XP
 C = Vault XP percentage of total XP
 D = Non-vault monster count
 E = Vault monster count
 F = Vault count percentage of total count
                 A         B        C        D         E       F
            +---------+---------+-------+---------+---------+-------
      Total |     361 |     244 |  40.3 |      75 |      20 |  21.1
            +---------+---------+-------+---------+---------+-------
        D:1 |      36 |       4 |  10.0 |      22 |       2 |   8.3
        D:2 |      64 |       4 |   5.9 |      18 |       1 |   5.3
        D:3 |     152 |       0 |   0.0 |      30 |       0 |   0.0
        D:4 |     109 |     236 |  68.4 |       5 |      17 |  77.3
            +---------+---------+-------+---------+---------+-------
